 Dungeon Crawl Stone Soup version 0.28-a0-1387-g3a22ab9bdc (webtiles) character file.

Game seed: 15691579965263292374

3647 browni3141 the Cleaver (level 9, -1/80 HPs)
             Began as a Palentonga Berserker on Jan 3, 2022.
             Was a Believer of Trog.
             Killed from afar by a deep elf zephyrmancer (32 damage)
             ... with a bolt of lightning
             ... in a bailey.
             The game lasted 00:12:03 (8222 turns).

browni3141 the Cleaver (Palentonga Berserker)       Turns: 8222, Time: 00:12:03

Health: -1/80      AC: 17    Str: 22    XL:     9   Next: 88%
Magic:  9/9        EV: 10    Int:  7    God:    Trog [**....]
Gold:   285        SH:  0    Dex: 13    Spells: 8/8 levels left

rFire   + . .      SeeInvis +   t - +0 hand axe
rCold   . . .      Faith    .   (no shield)
rNeg    . . .      Spirit   .   x - +0 steam dragon scales
rPois   .          Reflect  .   h - +0 helmet
rElec   .          Harm     .   (no cloak)
rCorr   .          Rampage  .   (no gloves)
Will    .....                   (no barding)
Stlth   +.........              (no amulet)
HPRegen 0.23/turn               w - +4 ring of protection
MPRegen 0.11/turn               s - ring of protection from fire

@: on berserk cooldown, slowed, curled up, very slow
A: large, rugged brown scales 3, see invisible, deformed body, roll 1, armoured
tail, reflexive curl
a: Rolling Charge, Renounce Religion, Berserk, Trog's Hand


You were in a bailey.
You worshipped Trog.
Trog was pleased with you.
You visited 2 branches of the dungeon, and saw 8 of its levels.
You also visited: Bailey.

You collected 285 gold pieces.

Inventory:

Hand Weapons
 a - a +0 war axe
 t - a +0 hand axe (weapon)
Armour
 b - a +0 animal skin
 f - a +0 scale mail
 h - a +0 helmet (worn)
 x - +0 steam dragon scales (worn)
Jewellery
 s - a ring of protection from fire (right hand)
 w - a +4 ring of protection (left hand)
Wands
 j - a wand of paralysis (6)
Scrolls
 e - a scroll of magic mapping {unknown}
 i - a scroll of immolation {unknown}
 m - a scroll of enchant weapon {unknown}
 r - a scroll of noise {unknown}
 u - a scroll of fog {unknown}
 v - a scroll of identify {unknown}
Potions
 c - 2 potions of invisibility {unknown}
 d - 2 potions of haste {unknown}
 g - 2 potions of curing {unknown}
 k - a potion of cancellation {unknown}
 l - a potion of attraction {unknown}
 n - a potion of heal wounds
 o - a potion of degeneration {unknown}
 p - a potion of flight {unknown}
 q - a potion of mutation {unknown}


   Skills:
 * Level 8.7 Fighting
 * Level 11.6 Axes
 - Level 1.5 Armour
 + Level 2.9 Dodging


You had 8 spell levels left.
You didn't know any spells.
Your spell library was empty.

Dungeon Overview and Level Annotations

Branches:
Dungeon (7/15)             Temple (1/1) D:4          Bailey (1/1)

Altars:
Qazlal

Shops:
D:2 *


Innate Abilities, Weirdness & Mutations

You are completely covered in rugged brown scales. (AC +3, +7% HP)
You have supernaturally acute eyesight. (SInv)
Armour fits poorly on your strangely shaped body.
You can roll at nearby foes to attack.
You have a long armoured tail.
You curl defensively after being hit. (AC +7*)


Message History

The deep elf zephyrmancer is heavily wounded.
You slash the deep elf zephyrmancer!
The deep elf zephyrmancer is severely wounded.
The deep elf zephyrmancer hits you but does no damage.
You barely miss the deep elf zephyrmancer.
The deep elf zephyrmancer is severely wounded.
You closely miss the deep elf zephyrmancer.
You tail-slap the deep elf zephyrmancer.
The deep elf zephyrmancer is severely wounded.
The deep elf zephyrmancer gestures wildly while chanting.
The deep elf zephyrmancer blinks!
The deep elf zephyrmancer points at you and mumbles some strange words.
The bolt of lightning hits you!!
There is a large open translucent door here.
You feel a strong urge to attack something.
You feel your anger nearly subside.
You are no longer berserk.
You are exhausted.
You feel yourself slow down.
You start resting.
A deep elf zephyrmancer is nearby!
Aiming: Paralyse
Press: ? - help, Shift-Dir - straight line, f - deep elf zephyrmancer
Aim: a deep elf zephyrmancer, wielding a +0 short sword and wearing a +0 scale mail of cold resistance (severely wounded, chance to affect: 31%)
Okay, then.
Roll where?
Press: ? - help, Q - select action, (/) - cycle Dir - move target, f - deep elf zephyrmancer
Aim: a deep elf zephyrmancer, wielding a +0 short sword and wearing a +0 scale mail of cold resistance (severely wounded)
You roll forward with a clatter of scales!
You hit the deep elf zephyrmancer but do no damage.
The deep elf zephyrmancer is severely wounded.
The deep elf zephyrmancer hits you but does no damage.
The deep elf zephyrmancer gestures at you while chanting.
The bolt of lightning hits you!! The bolt of lightning misses you.
Aiming: Paralyse
Press: ? - help, Shift-Dir - straight line, f/p - deep elf zephyrmancer
Aim: a deep elf zephyrmancer, wielding a +0 short sword and wearing a +0 scale mail of cold resistance (severely wounded, chance to affect: 31%)
The deep elf zephyrmancer easily resists.
The deep elf zephyrmancer gestures at you while chanting.
The bolt of lightning hits you!!
You die...

#### ####
#..##########..#
#..............#
##...8....8...##
#..###''###..#
#..##....##..#
#..#..@e..#..#
#..#.○##..#..#
#..#..##..#..#
#..#!?[[e.#..#
#..##)$?)##..#
#..########..#
##...8....8...##
###..............#
##.#..####''####..#♣♣♣♣#


You could see a deep elf zephyrmancer.

Vanquished Creatures
  Pikel (D:5)
  An orc knight (Bailey)
  Grinder (D:5)
  Eustachio (D:5)
  Menkaure (D:7)
  A steam dragon (D:6)
  Edmund (D:5)
  A water moccasin (D:7)
  6 orc warriors (Bailey)
  An ice beast (D:6)
  3 ogres
  A phantom (D:5)
  2 lemures (D:5)
  Blork the orc (D:4)
  A bullfrog (D:6)
  2 scorpions
  A wyvern skeleton (D:7)
  A howler monkey (D:5)
  4 hounds
  2 jellies
  A centaur skeleton (D:6)
  2 orc priests (D:6)
  Jessica (D:3)
  An iguana (D:6)
  2 orc wizards (D:6)
  2 hound skeletons
  Robin (D:3)
  4 gnolls (D:6)
  10 adders
  A white imp (D:5)
  An ufetubus (D:4)
  An adder skeleton (D:5)
  5 worms
  2 dart slugs
  11 orcs
  4 bats
  4 endoplasms
  A giant cockroach (D:4)
  17 goblins
  5 hobgoblins
  5 jackals
  3 quokkas
  4 ball pythons
  4 frilled lizards
  3 kobolds
  A rat (D:3)
129 creatures vanquished.

Notes
Turn   | Place    | Note
-------+----------+-------------------------------------------
     0 | D:1      | browni3141 the Palentonga Berserker began the quest for the
                  | Orb.
     0 | D:1      | Reached XP level 1. HP: 19/19 MP: 1/1
   206 | D:1      | Reached XP level 2. HP: 25/25 MP: 2/2
   666 | D:1      | Reached skill level 4 in Axes
   990 | D:2      | Reached XP level 3. HP: 30/31 MP: 3/3
  1384 | D:2      | Found a faded altar of an unknown god.
  1551 | D:2      | Reached XP level 4. HP: 35/37 MP: 4/4
  1581 | D:2      | Reached skill level 5 in Axes
  1694 | D:2      | Found Irchoap's General Store.
  1851 | D:3      | Noticed Jessica
  1857 | D:3      | Noticed Robin
  1871 | D:3      | Killed Jessica
  1872 | D:3      | Killed Robin
  1873 | D:3      | Reached XP level 5. HP: 41/43 MP: 5/5
  1890 | D:3      | Reached ** piety under Trog
  2026 | D:3      | Reached skill level 6 in Axes
  2753 | D:4      | Noticed Blork the orc
  2769 | D:4      | Killed Blork the orc
  2770 | D:4      | Reached skill level 7 in Axes
  2770 | D:4      | Reached XP level 6. HP: 47/50 MP: 6/6
  3162 | D:4      | Found a staircase to the Ecumenical Temple.
  3489 | D:5      | Entered Level 5 of the Dungeon
  3499 | D:5      | Noticed Edmund
  3527 | Temple   | Entered the Ecumenical Temple
  3576 | D:5      | Found a stormy altar of Qazlal.
  3589 | D:5      | Noticed Grinder
  3607 | D:5      | Paralysed by Grinder for 6 turns
  3747 | D:4      | Reached skill level 8 in Axes
  3872 | D:5      | Gained mutation: You curl defensively after being hit. (AC
                  | +7*) [Palentonga growth]
  3872 | D:5      | Reached XP level 7. HP: 55/55 MP: 7/7
  4270 | D:5      | Noticed Pikel
  4285 | D:5      | Killed Pikel
  4286 | D:5      | Reached skill level 5 in Fighting
  4286 | D:5      | Reached skill level 9 in Axes
  4286 | D:5      | Reached XP level 8. HP: 25/66 MP: 8/8
  4554 | D:5      | Noticed Eustachio
  4841 | D:5      | Killed Grinder
  4981 | D:5      | Killed Edmund
  4982 | D:5      | Reached skill level 10 in Axes
  5459 | D:5      | Killed Eustachio
  5918 | D:6      | Reached XP level 9. HP: 75/75 MP: 9/9
  6996 | D:7      | Found a flagged portal.
  6996 | D:7      | Noticed Menkaure
  7005 | D:7      | Killed Menkaure
  7006 | D:7      | Reached skill level 11 in Axes
  7058 | Bailey   | Entered a bailey
  7840 | Bailey   | Found a large runed translucent door.
  7840 | Bailey   | Found a large runed translucent door.
  7851 | Bailey   | Noticed a deep elf zephyrmancer
  7879 | Bailey   | Noticed an orc knight
  7994 | Bailey   | Killed an orc knight
  8222 | Bailey   | Killed from afar by a deep elf zephyrmancer

Illustrated notes

Levels and vault maps discovered:
D:1:      lightli_arrival_flooded_house, layout_basic, hex_large,
          skrybe_limestone_x, nicolae_concentric_dashed_squares_wild
D:2:      layout_rooms, hellmonk_ecumenical_altar_heavens_door, serial_shops,
          nicolae_shop_hallway_plus
D:3:      layout_loops_ring, uniq_jessica, uniq_robin
D:4:      layout_basic, minmay_temple_entry_overgrown, corexii_leaking_fountain,
          uniq_blork_the_orc
D:5:      layout_loops_ring, general_overflow_altar, uniq_pikel, uniq_eustachio,
          uniq_grinder, uniq_edmund
D:6:      layout_gridville
D:7:      layout_gridville, enter_bailey_2, uniq_menkaure
Temple:   mainiacjoe_temple_coin_purse
Bailey:   bailey_polearm_elven_captive_hellmonk, bailey

Skill      XL: |  1  2  3  4  5  6  7  8  9 |
---------------+----------------------------+-----
Axes           | 4 5 7 8 9 10 11 | 11.6
Fighting       | 5 6 8 |  8.7
Dodging        | 2 |  2.9
Armour         | |  1.5

Action                   |  1- 3 |  4- 6 |  7- 9 || total
-------------------------+-------+-------+-------++-------
Melee: Hand axe          |    66 |   148 |   243 ||   457
       Tailslap          |     3 |    32 |    43 ||    78
Invok: Berserk           |     1 |     5 |    13 ||    19
       Trog's Hand       |       |     1 |     2 ||     3
 Abil: Rolling Charge    |    17 |    19 |    30 ||    66
Evoke: Wand              |       |       |     5 ||     5
 Stab: Paralysed         |       |       |    18 ||    18
Armor: Animal skin       |    14 |       |       ||    14
       Scale mail        |     9 |    78 |    67 ||   154
       Steam dragon scal |       |       |    15 ||    15
Dodge: Dodged            |    22 |    52 |    89 ||   163

Table legend: (Time is in decaauts)
 A = Elapsed time spent in this place.
 B = Non-inter-level travel time spent in this place.
 C = Inter-level travel time spent in this place.
 D = Time resting spent in this place.
 E = Time spent auto-exploring this place.
 F = Levels seen in this place.
 G = Mean time per level.
                   A        B        C        D        E       F      G
               +--------+--------+--------+--------+--------+-----+--------+
         Total |   8338 |   7906 |    432 |   2316 |   4229 |   9 |  926.4 |
       Dungeon |   7168 |   6736 |    432 |   1774 |   4080 |   7 | 1024.0 |
        Temple |      1 |      1 |      0 |      0 |      0 |   1 |    1.0 |
        Bailey |   1168 |   1168 |      0 |    541 |    149 |   1 | 1168.0 |
               +--------+--------+--------+--------+--------+-----+--------+

Top non-repeatable levels by time:
     D:4: 1571 daAuts
     D:6: 1493 daAuts
     D:1: 1232 daAuts
     D:5: 1196 daAuts
  Bailey: 1168 daAuts
     D:3: 913 daAuts
     D:2: 636 daAuts
     D:7: 124 daAuts
  Temple: 1 daAuts
